 Dungeon Crawl Stone Soup version 0.16.1-11-g651b585 (webtiles) character file.

128034 nubinia the Eclecticist (level 16, -3/100 HPs)
             Began as a High Elf Warper on Apr 3, 2015.
             Was the Champion of Sif Muna.
             Slain by a tentacle (9 damage)
             ... attached to a kraken
             ... on level 2 of the Shoals on Apr 4, 2015.
             The game lasted 07:38:39 (56850 turns).

nubinia the Eclecticist (High Elf Warper)          Turns: 56850, Time: 07:38:39

Health: -3/100     AC: 15    Str: 10    XL:     16   Next: 47%
Magic:  24/39      EV: 20    Int: 22    God:    Sif Muna [******]
Gold:   1384       SH:  0    Dex: 20    Spells: 12 memorised, 9 levels left

rFire  + . .     SeeInvis .     a - +6 scimitar of the Sky {freeze, rF+ rN+}
rCold  . . .     Clarity  .     e - +1 leather armour of the Pits of Slime {Regen+}
rNeg   + . .     SustAb   .     (no shield)
rPois  +         Gourm    .     l - +2 helmet
rElec  .         Spirit   .     I - +0 cloak
rCorr  +         Warding  .     (no gloves)
rMut   .         Stasis   .     M - +0 pair of boots
MR     +....                    f - amulet of resist corrosion
Stlth  ++++......               U - +4 ring of protection
                                c - ring "Jedyrao" {rPois AC+1}

@: repel missiles, somewhat resistant to hostile enchantments, stealthy
A: talons 1, agile 1, blurry vision 1
a: Channel Energy, Forget Spell, Renounce Religion


You were on level 2 of the Shoals.
You worshipped Sif Muna.
Sif Muna was exalted by your worship.
You were not hungry.

You visited 6 branches of the dungeon, and saw 28 of its levels.
You also visited: Labyrinth.

You collected 2744 gold pieces.
You spent 1360 gold pieces at shops.

Inventory:

Hand weapons
 a - the +6 scimitar of the Sky (weapon) {freeze, rF+ rN+}
   (You bought it in a shop on level 1 of the Orcish Mines)

   It has been specially enchanted to freeze those struck by it, causing extra
   injury to most foes and up to half again as much damage against particularly
   susceptible opponents.
   It can also slow down cold-blooded creatures.
   It protects you from fire.
   It protects you from negative energy.
 b - a +9 blowgun
 p - a +3 falchion of protection
 B - a +5 shortbow of flaming
Missiles
 s - 141 arrows
 C - 61 poisoned needles
 P - 6 curare-tipped needles
Armour
 e - the +1 leather armour of the Pits of Slime (worn) {Regen+}
   (You bought it in a shop on level 1 of the Shoals)

   It increases your rate of regeneration.
 l - a +2 helmet (worn)
 I - a +0 cloak (worn)
 M - a +0 pair of boots (worn)
 Q - a +2 robe of positive energy
Jewellery
 c - the ring "Jedyrao" (left hand) {rPois AC+1}
   (You found it on level 1 of the Lair of Beasts)

   [ring of protection]

   It affects your AC (+1).
   It protects you from poison.
 f - an amulet of resist corrosion (around neck)
 m - an uncursed ring of see invisible
 q - an uncursed amulet of rage
 w - an uncursed ring of protection from fire
 N - an uncursed ring of ice
 U - a +4 ring of protection (right hand)
Magical devices
 J - a wand of teleportation (2)
 K - a wand of fire (6)
 R - a wand of fireball (4)
 T - a wand of digging (3)
 W - a wand of draining (5)
Scrolls
 o - a scroll of magic mapping
 t - 3 scrolls of identify
 u - a scroll of enchant armour
 x - a scroll of remove curse
 E - 3 scrolls of recharging
 S - 2 scrolls of teleportation
 Z - a scroll of blinking
Potions
 d - 4 potions of curing
 g - a potion of magic
 h - 6 potions of might
 i - 2 potions of restore abilities
 j - 3 potions of cancellation
 r - 3 potions of resistance
 A - 4 potions of berserk rage
 D - 2 potions of agility
 F - 4 potions of haste
 H - 2 potions of brilliance
 X - 3 potions of flight
 Y - 4 potions of heal wounds
Books
 k - a book of the Tempests

   Spells                             Type                      Level
   a - Static Discharge               Conjuration/Air              3
   b - Lightning Bolt                 Conjuration/Air              5
   c - Fireball                       Conjuration/Fire             5
   d - Tornado                        Air                          9
   e - Shatter                        Earth                        9
 n - a book of Minor Magic

   Spells                             Type                      Level
   a - Magic Dart                     Conjuration                  1
   b - Blink                          Translocation                2
   c - Call Imp                       Summoning                    2
   d - Repel Missiles                 Charms/Air                   2
   e - Slow                           Hexes                        2
   f - Conjure Flame                  Conjuration/Fire             3
   g - Mephitic Cloud                 Conjuration/Poison/Air       3
Miscellaneous
 y - a fan of gales
Comestibles
 z - 35 fruits


   Skills:
 + Level 6.3 Fighting
 + Level 9.2 Long Blades
 + Level 10.2 Bows
 - Level 6.0 Throwing
 + Level 4.5 Armour
 + Level 10.5 Dodging
 + Level 8.1 Stealth
 * Level 15.1 Spellcasting
 + Level 4.0 Conjurations
 + Level 11.0 Charms
 * Level 13.4 Translocations
 + Level 12.8 Air Magic
 + Level 5.9 Invocations
 + Level 0.2 Evocations


You had 9 spell levels left.
You knew the following spells:

 Your Spells              Type           Power        Failure   Level  Hunger
a - Airstrike             Air            ######....   1%          4    None
b - Blink                 Tloc           N/A          1%          2    None
c - Mephitic Cloud        Conj/Pois/Air  #####...     1%          3    None
d - Portal Projectile     Tloc           ######       1%          3    None
e - Teleport Other        Tloc           ######..     1%          3    None
f - Flight                Chrm/Air       ######....   1%          3    None
g - Shroud of Golubria    Chrm/Tloc      ######....   1%          2    None
j - Swiftness             Chrm/Air       ######..     1%          2    None
k - Force Lance           Conj/Tloc      ######..     1%          4    None
l - Controlled Blink      Tloc           N/A          17%         7    ######.
r - Repel Missiles        Chrm/Air       ######       1%          2    None
A - Apportation           Tloc           ######....   1%          1    None


Dungeon Overview and Level Annotations

Branches:
Dungeon (11/15)            Temple (1/1) D:7            Lair (8/8) D:11
 Shoals (3/5) Lair:5       Spider (0/5) Lair:5          Orc (4/4) D:10
    Elf (1/3) Orc:4
  Slime: Lair:6-8

Altars:
Ashenzari
Cheibriados
Dithmenos
Elyvilon
Fedhas
Gozag
Kikubaaqudgha
Makhleb
Nemelex Xobeh
Okawaru
Qazlal
Ru
Sif Muna
Trog
Vehumet
Xom
Yredelemnul
Zin
The Shining One
Beogh

Shops:
Orc:1 (   Orc:4 :(([   Shoals:1 [

Annotations:
Lair:1 Shoikan's ghost, powerful MiBe
Lair:6 exclusion: 2 oklob plants
Shoals:3 Nikola


Innate Abilities, Weirdness & Mutations

You have sharp toenails.
You are agile. (Dex +2)
Scrolls take you a little longer to read.


Message History

You slice the merfolk!! You freeze the merfolk.
The merfolk is almost dead.
Tentacles burst out of the water!
You barely miss the merfolk.
The merfolk is almost dead.
The tentacle slaps you but does no damage.
The tentacle closely misses you. The tentacle slaps you!
The tentacle closely misses you.
The merfolk barely misses something.
The merfolk hits the tentacle segment with an enchanted trident!
The tentacle slaps you!
* * * LOW HITPOINT WARNING * * *
The tentacle slaps you!!
* * * LOW HITPOINT WARNING * * *
The tentacle completely misses you. The tentacle closely misses you.
The tentacle is engulfed in noxious fumes.
The tentacle closely misses you.
The merfolk seems less confused.
The tentacle closely misses you. The tentacle slaps you!
You die...

....#....≈≈≈≈≈≈..≈≈≈≈≈≈≈≈≈≈≈≈≈≈≈≈
.....P≈≈..≈≈≈.≈.(§...≈.≈≈≈.≈≈≈≈≈≈
####..≈≈≈.≈..(.....#...≈≈≈..≈≈≈≈≈
# ####.≈≈≈≈≈..>..####..≈≈≈≈≈≈≈≈≈≈
#...P≈≈≈≈≈....(# ##.≈≈≈≈≈≈≈≈≈≈
###.P≈≈..≈≈..m...######.≈≈≈≈≈≈≈≈≈
..##.......≈≈...≈≈≈≈≈≈≈≈≈≈≈≈
......####....≈≈≈≈≈≈≈≈≈≈≈≈≈≈≈≈≈≈≈
≈......###....≈≈≈≈≈≈≈≈≈≈≈≈≈≈≈≈≈≈≈
≈....≈≈..≈≈≈≈≈≈≈≈≈≈≈≈≈≈≈≈≈≈≈≈≈≈≈≈
###.≈≈≈≈≈≈≈≈≈≈≈≈≈≈≈≈≈≈≈≈≈≈≈≈≈≈≈≈≈


You could see a kraken, a merfolk and 3 tentacles.

Vanquished Creatures
  A kraken (Shoals:2)
  Maud (Lair:8)
  2 orc warlords (Orc:4)
  A minotaur (Lab)
  The ghost of Trafet the Eclecticist, a powerful SpWz of Sif Muna (Lair:4)
  Fannar (Orc:4)
  5 hydras
  2 merfolk avatars (Shoals:2)
  2 catoblepae
  2 merfolk aquamancers (Shoals:2)
  16 death yaks
  Urug (Orc:3)
  7 orc high priests (Orc:4)
  Nergalle (Lair:1)
  7 deep elf knights (Elf:1)
  10 sea snakes
  10 harpies
  4 deep elf summoners (Elf:1)
  2 hill giants
  A lindwurm (Lair:8)
  Pikel (D:3)
  4 orc knights
  5 deep elf conjurers (Elf:1)
  An orb spider (Lair:5)
  2 ugly things
  7 manticores
  4 fauns
  An oklob plant (Lair:8)
  3 cyclopes
  7 black mambas
  7 orc sorcerers
  12 griffons
  Joseph (Lair:1)
  5 sirens
  15 elephants
  A torpor snail (Lair:7)
  21 spiny frogs
  7 komodo dragons
  A fire drake (Lair:5)
  12 merfolk
  4 deep elf priests (Elf:1)
  7 trolls
  Sonja (D:11)
  8 polar bears (Lair:8)
  4 snapping turtles
  5 two-headed ogres
  A boulder beetle (Lair:8)
  11 deep elf magi
  A raiju (Lair:8)
  2 trapdoor spiders (Lab)
  2 basilisks
  18 blink frogs
  11 water elementals
  21 yaks
  A spriggan (D:8)
  4 hungry ghosts
  9 wargs
  6 wyverns
  10 hippogriffs
  Edmund (D:8)
  5 deep elf fighters (Elf:1)
  19 wolves
  22 water moccasins
  47 orc warriors
  4 hell hounds (Lair:8)
  10 porcupines
  2 eyes of draining
  A slave (D:3)
  12 black bears (Lair:8)
  3 sky beasts
  4 ice beasts
  7 centaurs
  23 ogres
  5 boring beetles
  11 crocodiles
  19 giant frogs
  Duvessa (D:6)
  2 big kobolds
  3 scorpions
  24 killer bees
  5 wights
  4 jellies
  Dowan (D:6)
  3 crimson imps
  7 goliath beetles
  2 centaur zombies
  30 hounds
  32 orc priests
  3 centaur skeletons
  3 giant frog skeletons
  6 worker ants
  6 iguanas
  29 orc wizards
  A hell rat (Elf:1)
  58 sheep
  A killer bee zombie (D:11)
  An ogre zombie (D:6)
  A hound zombie (D:7)
  2 worker ant zombies
  2 gnolls (D:4)
  24 adders
  39 river rats
  6 shadow imps
  4 worms
  6 orc zombies (Orc:4)
  An adder zombie (D:9)
  An ooze (D:6)
  344 orcs
  A bat skeleton (D:6)
  9 giant cockroaches
  35 goblins
  19 hobgoblins
  8 jackals
  26 kobolds
  16 quokkas
  2 ball pythons (D:6)
  19 bats
  2 giant geckos
  2 giant gecko skeletons (D:6)
  7 giant newts
  2 giant spores
  A jackal skeleton (D:8)
  2 quokka skeletons (D:5)
  15 rats
  4 ballistomycetes
  2 crawling corpses (Elf:1)
1339 creatures vanquished.

Vanquished Creatures (collateral kills)
  2 death yaks (Lair:7)
  A jumping spider (Elf:1)
3 creatures vanquished.

Vanquished Creatures (others)
  6 drowned souls (Shoals:2)
  A deep elf mage (Elf:1)
  An air elemental (Orc:4)
  A sky beast (D:9)
  An orc wizard (Orc:4)
  An adder skeleton (D:4)
  A giant newt (D:4)
  A giant spore (D:10)
  A rat (D:4)
  25 fungi
  42 plants
  54 tentacles (Shoals:2)
  1257 tentacle segments (Shoals:2)
1392 creatures vanquished.

Grand Total: 2734 creatures vanquished

Notes
Turn   | Place    | Note
--------------------------------------------------------------
     0 | D:1      | nubinia, the High Elf Warper, began the quest for the Orb.
     0 | D:1      | Reached XP level 1. HP: 14/14 MP: 4/4
   407 | D:1      | Reached XP level 2. HP: 16/19 MP: 6/6
   458 | D:1      | Learned a level 2 spell: Blink
  1103 | D:2      | Reached skill level 1 in Armour
  1507 | D:2      | Reached XP level 3. HP: 24/24 MP: 8/8
  2115 | D:2      | Reached XP level 4. HP: 22/29 MP: 11/11
  2238 | D:2      | Learned a level 2 spell: Shroud of Golubria
  3917 | D:3      | Reached XP level 5. HP: 29/34 MP: 13/13
  4351 | D:4      | Noticed Pikel
  4351 | D:4      | Noticed a slave
  4351 | D:4      | Noticed a slave
  4351 | D:4      | Noticed a slave
  4351 | D:4      | Noticed a slave
  4389 | D:3      | Killed a slave
  4409 | D:3      | Killed Pikel
  4409 | D:3      | Reached skill level 4 in Dodging
  4409 | D:3      | Reached skill level 1 in Stealth
  4409 | D:3      | Reached XP level 6. HP: 5/41 MP: 12/15
  4409 | D:3      | Reached XP level 7. HP: 5/45 MP: 14/18
  4865 | D:4      | Reached skill level 5 in Dodging
  5357 | D:4      | Found a snail-covered altar of Cheibriados.
  5894 | D:4      | Found a snail-covered altar of Cheibriados.
  6207 | D:5      | Entered Level 5 of the Dungeon
  6502 | D:5      | Reached XP level 8. HP: 51/51 MP: 17/20
  7667 | D:6      | Reached skill level 6 in Dodging
  7712 | D:6      | Noticed an angel
  7719 | D:6      | Found a shimmering altar of Xom.
  7719 | D:6      | Found a glowing silver altar of Zin.
  7852 | D:6      | Found a sparkling altar of Nemelex Xobeh.
  7982 | D:6      | Reached skill level 5 in Charms
  8201 | D:6      | Found a radiant altar of Vehumet.
  8273 | D:6      | Noticed Dowan
  8275 | D:6      | Noticed Duvessa
  8316 | D:6      | Killed Duvessa
  8337 | D:6      | Killed Dowan
  8337 | D:6      | Reached skill level 5 in Translocations
  8764 | D:6      | Reached skill level 5 in Long Blades
  9048 | D:6      | Learned a level 3 spell: Portal Projectile
  9241 | D:6      | Learned a level 3 spell: Teleport Other
  9502 | D:7      | Reached skill level 1 in Bows
  9502 | D:7      | Reached XP level 9. HP: 58/58 MP: 22/22
  9536 | D:7      | Found a staircase to the Ecumenical Temple.
  9548 | Temple   | Entered the Ecumenical Temple
  9702 | Temple   | Became a worshipper of Sif Muna the Loreminder
  9772 | D:7      | Learned a level 4 spell: Passage of Golubria
 10333 | D:7      | Found an ancient bone altar of Kikubaaqudgha.
 10673 | D:7      | Found a sacrificial altar of Ru.
 10814 | D:8      | Reached skill level 7 in Dodging
 11548 | D:9      | Acquired Sif Muna's first power
 11548 | D:9      | Reached skill level 5 in Spellcasting
 12066 | D:8      | Noticed Edmund
 12102 | D:8      | HP: 1/58 [centaur zombie (5)]
 12820 | D:9      | Found a shadowy altar of Dithmenos.
 13006 | D:9      | Reached XP level 10. HP: 58/65 MP: 25/25
 13235 | D:7      | Learned a level 3 spell: Flight
 13332 | D:7      | Reached skill level 5 in Throwing
 13879 | D:7      | Reached skill level 1 in Air Magic
 14858 | D:8      | Killed Edmund
 15532 | D:9      | Acquired Sif Muna's second power
 15780 | D:10     | Entered Level 10 of the Dungeon
 16624 | D:10     | Reached skill level 8 in Dodging
 17123 | D:10     | Found a staircase to the Orcish Mines.
 17123 | D:10     | Noticed a hill giant
 17184 | D:10     | Killed a hill giant
 17785 | D:9      | Reached XP level 11. HP: 43/70 MP: 26/28
 17933 | D:9      | Reached skill level 5 in Bows
 18137 | D:10     | Noticed a white ugly thing
 18482 | D:10     | Killed a white ugly thing
 19115 | D:11     | Noticed Sonja
 19173 | D:11     | Noticed a hill giant
 20368 | D:11     | Killed Sonja
 20994 | D:11     | Reached skill level 5 in Air Magic
 21072 | D:11     | Acquired Sif Muna's third power
 21370 | D:11     | Found a staircase to the Lair.
 21399 | D:11     | Killed a hill giant
 21613 | Lair:1   | Entered Level 1 of the Lair of Beasts
 21654 | Lair:1   | Noticed Shoikan's ghost (powerful MiBe)
 21774 | Lair:1   | Noticed Joseph
 21877 | Lair:1   | Noticed Nergalle
 22175 | Lair:1   | Got a flickering platinum ring
 22177 | Lair:1   | Identified the ring "Jedyrao" {rPois AC+1} (You found it on level 1 of the Lair of Beasts)
 22612 | Lair:1   | Killed Joseph
 22873 | Lair:1   | Reached skill level 9 in Translocations
 24468 | Lair:3   | Reached XP level 12. HP: 76/76 MP: 29/31
 25087 | Lair:3   | Got a brightly glowing cloak
 25124 | Lair:3   | Identified the cursed -6 cloak of Forking Paths {Regen+ Str+6} (You found it on level 3 of the Lair of Beasts)
 25381 | Lair:3   | Noticed a four-headed hydra
 25404 | Lair:3   | Killed a four-headed hydra
 25404 | Lair:3   | Reached skill level 5 in Fighting
 27565 | Lair:5   | Found a staircase to the Shoals.
 29013 | Lair:4   | Noticed a catoblepas
 29040 | Lair:4   | Killed a catoblepas
 29290 | Lair:4   | Noticed Trafet's ghost (powerful SpWz)
 29480 | Lair:5   | Reached skill level 10 in Charms
 29627 | Lair:5   | Reached skill level 10 in Translocations
 30103 | Lair:5   | Received a gift from Sif Muna
 30104 | Lair:5   | Identified Sif Muna's Papyrus of Weightlessness (Sif Muna gifted it to you on level 5 of the Lair of Beasts)
 30108 | Lair:5   | Learned a level 2 spell: Repel Missiles
 30113 | Lair:5   | Learned a level 4 spell: Airstrike
 30116 | Lair:5   | Learned a level 2 spell: Swiftness
 30120 | Lair:5   | Learned a level 3 spell: Mephitic Cloud
 30120 | Lair:5   | Found a hole to the Spider Nest.
 30542 | Lair:6   | Got a bloodstained rapier
 30543 | Lair:6   | Identified the +0 rapier of Impatience {pierce, rF- rN+ Int+6} (You found it on level 6 of the Lair of Beasts)
 30638 | Lair:5   | Reached XP level 13. HP: 81/81 MP: 27/33
 31036 | Lair:6   | Reached skill level 10 in Spellcasting
 31182 | Lair:5   | Reached skill level 1 in Conjurations
 32914 | Lair:6   | Reached skill level 5 in Stealth
 33647 | Lair:7   | Found a labyrinth entrance.
 33671 | Lab      | Entered a labyrinth
 33728 | Lab      | Found an exit through the horrors of the Abyss.
 33916 | Lab      | Got an ichor-stained hand axe
 33917 | Lab      | Identified the +11 hand axe of Innocence {freeze, rElec MR++ Dex-2} (You found it in a labyrinth)
 33918 | Lab      | Got a crude scale mail
 33929 | Lab      | Identified the cursed -2 scale mail of the Accordion {Dex+3} (You found it in a labyrinth)
 34691 | Lair:7   | Reached skill level 11 in Translocations
 35631 | Lair:7   | Received a gift from Sif Muna
 35632 | Lair:7   | Identified Sif Muna's Guide on Cloudy Blows and Bruises (Sif Muna gifted it to you on level 7 of the Lair of Beasts)
 36432 | Lair:8   | Entered Level 8 of the Lair of Beasts
 36864 | Lair:8   | Noticed Maud
 36904 | Lair:8   | Killed Maud
 36904 | Lair:8   | Reached XP level 14. HP: 30/88 MP: 3/35
 37222 | Lair:8   | Reached skill level 1 in Invocations
 39650 | Lair:8   | Gained mutation: Scrolls take you a little longer to read. [potion of mutation]
 39650 | Lair:8   | Gained mutation: You are agile. (Dex +2) [potion of mutation]
 39650 | Lair:8   | Gained mutation: You have sharp toenails. [potion of mutation]
 40768 | Lair:8   | Reached skill level 12 in Spellcasting
 40795 | Lair:8   | Received a gift from Sif Muna
 40796 | Lair:8   | Identified Sif Muna's Tome of Feathery Arcane Weapons (Sif Muna gifted it to you on level 8 of the Lair of Beasts)
 41445 | Lair:8   | Reached skill level 10 in Air Magic
 41554 | Lair:8   | Reached skill level 10 in Dodging
 44001 | Lair:1   | Killed Nergalle
 44157 | Orc:1    | Entered Level 1 of the Orcish Mines
 44540 | Orc:1    | Found Obejaigh's Weapon Shoppe.
 44591 | Orc:1    | Bought the +6 scimitar of the Sky {freeze, rF+ rN+} for 775 gold pieces
 44940 | Orc:3    | Noticed Urug
 44978 | Orc:3    | Killed Urug
 45332 | Orc:2    | Reached XP level 15. HP: 94/94 MP: 20/36
 45816 | Orc:4    | Entered Level 4 of the Orcish Mines
 46168 | Orc:4    | Noticed Fannar
 46191 | Orc:4    | Killed Fannar
 47667 | Orc:4    | Found a roughly hewn altar of Beogh.
 47679 | Orc:4    | Found Zyibul's Antique Armour Emporium.
 47695 | Orc:4    | Bought a shiny buckler for 144 gold pieces
 47856 | Orc:4    | Reached skill level 13 in Spellcasting
 47898 | Orc:4    | Found Ymmaece's Antique Weapon Shoppe.
 49364 | Orc:4    | Received a gift from Sif Muna
 49380 | Orc:4    | Identified Sif Muna's Reference Book on Quantum Good Luck (Sif Muna gifted it to you on level 4 of the Orcish Mines)
 49386 | Orc:4    | Learned a level 4 spell: Force Lance
 50150 | Orc:4    | Found Skos' Antique Weapon Shoppe.
 50188 | Orc:4    | Bought a crude dagger for 217 gold pieces
 50190 | Orc:4    | Identified the +7 dagger of Painful Death {holy, Dex+2} (You bought it in a shop on level 4 of the Orcish Mines)
 50222 | Orc:4    | Found a roughly hewn altar of Beogh.
 50485 | Orc:4    | Found Ojames' Book Emporium.
 50853 | Orc:4    | Paralysed by an orc sorcerer for 7 turns
 51104 | Orc:4    | Found a staircase to the Elven Halls.
 51403 | Orc:4    | Learned a level 7 spell: Controlled Blink
 51406 | Elf:1    | Entered Level 1 of the Elven Halls
 52512 | Elf:1    | Reached skill level 5 in Invocations
 52678 | Elf:1    | Reached skill level 14 in Spellcasting
 52976 | Lair:4   | Killed Trafet's ghost
 53115 | Shoals:1 | Entered Level 1 of the Shoals
 53679 | Shoals:1 | Found Genike's Antique Armour Shop.
 53681 | Shoals:1 | Bought a smoking leather armour for 224 gold pieces
 53691 | Shoals:1 | Identified the +1 leather armour of the Pits of Slime {Regen+} (You bought it in a shop on level 1 of the Shoals)
 54050 | Shoals:1 | Reached XP level 16. HP: 60/99 MP: 6/38
 54723 | Shoals:2 | Reached skill level 10 in Bows
 54835 | Shoals:2 | Received a gift from Sif Muna
 56145 | Shoals:2 | Reached skill level 15 in Spellcasting
 56516 | Shoals:3 | Noticed Nikola
 56848 | Shoals:2 | HP: 5/100 [tentacle[a kraken] (21)]
 56850 | Shoals:2 | Slain by a tentacle

Action                   |  1- 3 |  4- 6 |  7- 9 | 10-12 | 13-15 | 16-18 || total
-------------------------+-------+-------+-------+-------+-------+-------++-------
Melee: Falchion          |   123 |   123 |   548 |   209 |  1352 |    60 ||  2415
       Dagger            |       |       |     1 |       |       |       ||     1
       Long sword        |       |       |       |   519 |       |       ||   519
       Scimitar          |       |       |       |       |   846 |    98 ||   944
 Fire: Blowgun           |       |    20 |   127 |   204 |   501 |    33 ||   885
       Shortbow          |       |       |    26 |   683 |   470 |   150 ||  1329
 Cast: Shroud of Golubri |       |    10 |    52 |   107 |    79 |     5 ||   253
       Blink             |       |       |    14 |    95 |    91 |     1 ||   201
       Teleport Other    |       |       |     2 |       |    10 |       ||    12
       Apportation       |       |       |     1 |     1 |    18 |     4 ||    24
       Portal Projectile |       |       |       |    36 |    30 |     1 ||    67
       Mephitic Cloud    |       |       |       |     5 |   282 |    15 ||   302
       Swiftness         |       |       |       |     1 |    13 |       ||    14
       Airstrike         |       |       |       |       |   404 |   167 ||   571
       Repel Missiles    |       |       |       |       |     2 |     1 ||     3
       Flight            |       |       |       |       |     8 |    20 ||    28
Invok: Channel Energy    |       |       |       |    45 |   648 |   179 ||   872
Evoke: Wand              |       |       |     1 |     3 |     8 |     2 ||    14
       Fan of gales      |       |       |       |       |     2 |       ||     2
  Use: Scroll            |     7 |     2 |    13 |    13 |    14 |     2 ||    51
       Potion            |     1 |       |     4 |     2 |     2 |       ||     9
 Stab: Distracted        |     1 |       |     4 |     5 |    21 |       ||    31
       Sleeping          |       |       |    18 |    22 |    25 |     1 ||    66
       Confused          |       |       |       |     2 |   208 |     2 ||   212
       Fleeing           |       |       |       |       |     2 |       ||     2
  Eat: Chunk             |     4 |     6 |    28 |    60 |   172 |    35 ||   305
       Fruit             |       |     2 |       |     3 |     1 |       ||     6
       Royal jelly       |       |       |     1 |       |       |       ||     1
       Pizza             |       |       |       |     2 |       |       ||     2
       Beef jerky        |       |       |       |       |     1 |       ||     1
